 Dungeon Crawl Stone Soup version 0.30.0-29-ga12c61a403 (webtiles) character file.

Game seed: 13588001874306349202

2732 qw the Blocker (level 9, 0/54 HPs)
             Began as a Gargoyle Fighter on June 3, 2023.
             Slain by a yak (7 damage)
             ... on level 9 of the Dungeon.
             The game lasted 00:02:42 (4861 turns).

qw the Blocker (Gargoyle Fighter)                   Turns: 4861, Time: 00:02:43

Health: 0/54       AC: 21    Str: 25    XL:     9   Next: 67%
Magic:  9/9        EV:  5    Int:  8    God:
Gold:   318        SH: 15    Dex:  9    Spells: 8/8 levels left

rFire   . . .        Y - +0 broad axe
rCold   . . .        c - +0 tower shield
rNeg    + . .        h - +0 plate armour
rPois   inf          k - +1 helmet
rElec   +            m - +0 cloak
rCorr   .            (no gloves)
SInv    .            (no boots)
Will    .....        n - amulet of the acrobat Stlth
                     (no ring)
HPRegen 0.29/turn    (no ring)
MPRegen 0.11/turn

%: acrobat
@: about to teleport
A: sickness immunity, AC +6, negative energy resistance 1, electricity
resistance, torment resistance 1, petrification resistance
a: no special abilities


You were on level 9 of the Dungeon.
You visited 1 branch of the dungeon, and saw 7 of its levels.

You collected 366 gold pieces.
You spent 48 gold pieces at shops.


Innate Abilities, Weirdness & Mutations

You are immune to sickness and miasma.
Your stone body is resilient. (AC +6)
You are immune to poison.
You resist negative energy. (rN+)
You are resistant to electric shocks. (rElec)
You are resistant to unholy torment.
You are immune to petrification.


   Skills:
 - Level 5.0 Fighting
 - Level 7.6 Axes
 - Level 4.0 Armour
 - Level 2.0 Dodging
 + Level 10.3 Shields


You had 8 spell levels left.
You didn't know any spells.
Your spell library was empty.

Inventory:

Hand Weapons
 f - a +0 flail
 Y - a +0 broad axe (weapon)
Armour
 c - a +0 tower shield (worn)
 h - a +0 plate armour (worn)
 k - a +1 helmet (worn)
 m - a +0 cloak (worn)
 q - the +5 plate armour "Quost" {rF++ rCorr Int-4}
   (You found it on level 6 of the Dungeon)

   Int:       It affects your intelligence (-4).
   rF:        It greatly protects you from fire.
   rCorr:     It protects you from acid and corrosion.
Jewellery
 n - an amulet of the acrobat (around neck)
 o - a ring of fire
Scrolls
 b - 2 scrolls of identify
 r - a scroll of fear {unknown}
Potions
 a - a potion of haste
 d - a potion of might
 e - a potion of cancellation
 i - a potion of attraction {unknown}
 j - 2 potions of mutation {unknown}
 l - 2 potions of berserk rage {unknown}
 p - 3 potions of curing

Dungeon Overview and Level Annotations

Branches:
Dungeon (6/15)               Lair (0/5) D:9
 Temple: D:4-7

Altars:
Fedhas
Qazlal
Yredelemnul

Shops:
D:3 (

Annotations:
D:6 3 runed translucent doors


Message History

You slash the yak! The yak gores you but does no damage.
A yak comes into view.
You hit the yak but do no damage.
The yak is severely wounded.
You hit the yak but do no damage. The yak gores you but does no damage.
You block the yak's attack.
You hit the yak but do no damage.
The yak is severely wounded.
You barely miss the yak.
A yak comes into view.
The yak gores you but does no damage. x2; The yak gores you.
The yak gores you!
The yak bellows!
You hit the yak but do no damage.
The yak is severely wounded.
You slash the yak! You barely miss the yak.
You hear a bellow!
The yak gores you but does no damage. The yak gores you!
The yak gores you but does no damage.
You slash the yak!
You kill the yak!
You barely miss the yak. You hit the yak.
You hear a bellow!
You block the yak's attack.
A yak comes into view.
The yak gores you.
You block the yak's attack. x2; The yak moves out of view.
You slice the yak!!
The yak is almost dead.
You hit the yak. You closely miss the yak. The yak completely misses you.
The yak gores you!
4860 ||| READING scroll of teleportation.
As you read the scroll of teleportation, it crumbles to dust.
You feel strangely unstable. The yak gores you.
The yak gores you but does no damage. You block the yak's attack. x2
You hit the yak but do no damage.
The yak is almost dead.
You slash the yak! You closely miss the yak. You barely miss the yak.
You block the yak's attack. The yak gores you!
You die...

#...............#
#..####.........#
#.# ##........#
#. ####.........
. # #...........
.. #.......###.
..
#.......####.##.
#......YY.......
#......@Y...####
########Y.###
#..## #.## #. #.
#Y .. Y.


You could see 4 yaks.

Vanquished Creatures
  Joseph (D:9)
  3 shadows (D:9)
  A wyvern (D:9)
  A yak (D:9)
  2 water moccasins (D:5)
  Duvessa (D:4)
  A black bear (D:5)
  An ogre (D:6)
  3 ice beasts
  2 kobold brigands (D:6)
  3 scorpions
  4 wights (D:5)
  Dowan (D:4)
  4 hounds
  An iguana (D:6)
  2 orc wizards
  4 gnolls (D:4)
  6 adders
  A shadow imp (D:6)
  A white imp (D:5)
  2 dart slugs
  9 orcs
  5 endoplasms
  4 giant cockroaches
  4 goblins
  3 hobgoblins
  2 jackals (D:4)
  2 quokkas
  5 ball pythons
  4 bats
  3 frilled lizards (D:1)
  12 kobolds
  6 rats
104 creatures vanquished.

Vanquished Creatures (others)
  A hobgoblin (D:4)
1 creature vanquished.

Grand Total: 105 creatures vanquished

Notes
Turn   | Place    | Note
-------+----------+-------------------------------------------
     0 | D:1      | qw the Gargoyle Fighter began the quest for the Orb.
     0 | D:1      | Reached XP level 1. HP: 14/14 MP: 1/1
     0 | D:1      | 0 ||| qw: Version: 0.2-a-103-g5a998e5
     0 | D:1      | 0 ||| qw: Game counter: 1055
     0 | D:1      | 0 ||| qw: Always use a shield: true
     0 | D:1      | 0 ||| qw: God list: Okawaru
     0 | D:1      | 0 ||| qw: Allow faded altars: false
     0 | D:1      | 0 ||| qw: Do Orc after D:15 true
     0 | D:1      | 0 ||| qw: Do second Lair branch before Depths: true
     0 | D:1      | 0 ||| qw: Lair rune preference: random
     0 | D:1      | 0 ||| qw: Plans: Normal, Zot:1-4, Slime:5, God:TSO, Crypt,
                  | Tomb, Pan, Hells, Abyss, Win
     0 | D:1      | 0 ||| PLANNING D:1-11
   138 | D:1      | Reached XP level 2. HP: 19/19 MP: 2/2
   495 | D:1      | 495 ||| UPGRADING to +0 plate armour.
   505 | D:1      | 505 ||| DROPPING +0 scale mail.
   506 | D:1      | 506 ||| UPGRADING to +0 cloak.
   511 | D:1      | 511 ||| READING scroll labelled MUN TOISEICZY.
   512 | D:1      | 512 ||| READING scroll labelled DOMNONU ESMIA.
   549 | D:2      | Reached skill level 3 in Axes
   573 | D:2      | Reached XP level 3. HP: 23/23 MP: 3/3
  1070 | D:2      | 1070 ||| UPGRADING to +0 kite shield.
  1080 | D:2      | 1080 ||| DROPPING +0 buckler.
  1081 | D:2      | 1081 ||| UPGRADING to +2 kite shield.
  1091 | D:2      | 1091 ||| DROPPING +0 kite shield.
  1092 | D:2      | 1092 ||| READING scroll labelled KUOPEO AGAZE.
  1093 | D:2      | 1093 ||| READING 2 scrolls labelled SAIWIJ FYHUOBB.
  1094 | D:2      | 1094 ||| READING 2 scrolls labelled QELLOMAOFO.
  1095 | D:2      | 1095 ||| READING scroll labelled FUL CYETEULIZI.
  1098 | D:2      | 1098 ||| READING scroll labelled ENOPNIAHOL.
  1099 | D:2      | 1099 ||| DRINKING 2 sedimented pink potions.
  1100 | D:2      | 1100 ||| DROPPING scroll of magic mapping.
  1179 | D:3      | 1179 ||| Stepping ~*~*~tactically~*~*~ (hiding).
  1196 | D:3      | 1196 ||| Stepping ~*~*~tactically~*~*~ (stealth).
  1533 | D:3      | Found Zaodeepp's Weapon Shop.
  1547 | D:3      | Reached XP level 4. HP: 28/28 MP: 4/4
  1548 | D:3      | 1548 ||| BUYING +0 broad axe (48 gold).
  1548 | D:3      | Bought a +0 broad axe for 48 gold pieces
  1548 | D:3      | 1548 ||| SHOPLISTING +4 mace of protection (307 gold, have
                  | 58).
  1548 | D:3      | 1548 ||| SWAPPING to +0 broad axe.
  1549 | D:3      | 1549 ||| DROPPING +0 war axe.
  1556 | D:3      | Reached skill level 4 in Shields
  1776 | D:3      | 1776 ||| UPGRADING to amulet of the acrobat.
  1781 | D:3      | 1781 ||| READING 2 scrolls labelled XUN IBBAEM SUM.
  1782 | D:3      | 1782 ||| READING scroll labelled DOOS MAEKETS.
  1783 | D:3      | 1783 ||| DRINKING 2 brown potions.
  1784 | D:3      | 1784 ||| READING 2 scrolls of identify.
  1784 | D:3      | 1784 ||| IDENTIFYING fuming orange potion
  1785 | D:3      | 1785 ||| DROPPING scroll of blinking.
  2067 | D:4      | Found a basalt altar of Yredelemnul.
  2084 | D:4      | Found a blossoming altar of Fedhas.
  2104 | D:4      | Found a stormy altar of Qazlal.
  2122 | D:4      | 2122 ||| UPGRADING to +0 tower shield.
  2132 | D:4      | 2132 ||| DROPPING +2 kite shield.
  2144 | D:4      | Noticed a scorpion
  2159 | D:4      | Killed a scorpion
  2160 | D:4      | Reached XP level 5. HP: 30/32 MP: 5/5
  2196 | D:4      | Reached skill level 5 in Shields
  2203 | D:4      | HP: 8/32 [gnoll/+0 whip (6)]
  2204 | D:4      | 2204 ||| READING scroll of teleportation.
  2205 | D:4      | 2205 ||| DRINKING 2 potions of heal wounds.
  2516 | D:4      | 2516 ||| DROPPING +1 mace of draining.
  2568 | D:4      | Noticed Duvessa
  2568 | D:4      | Noticed Dowan
  2569 | D:4      | 2569 ||| Stepping ~*~*~tactically~*~*~ (hiding).
  2586 | D:4      | Killed Duvessa
  2587 | D:4      | Reached skill level 6 in Shields
  2587 | D:4      | Reached XP level 6. HP: 15/37 MP: 6/6
  2592 | D:4      | Killed Dowan
  2593 | D:4      | Reached skill level 7 in Shields
  2839 | D:4      | 2839 ||| READING scroll labelled ZOISSU VEKI.
  2840 | D:4      | 2840 ||| DRINKING 2 sapphire potions.
  2841 | D:4      | 2841 ||| DRINKING 2 sedimented brown potions.
  2842 | D:4      | 2842 ||| READING 2 scrolls of identify.
  2842 | D:4      | 2842 ||| IDENTIFYING glowing golden potion
  2843 | D:4      | 2843 ||| DROPPING potion of brilliance.
  2844 | D:4      | 2844 ||| DROPPING potion of magic.
  2889 | D:4      | 2889 ||| Stepping ~*~*~tactically~*~*~ (hiding).
  2921 | D:5      | Entered Level 5 of the Dungeon
  2922 | D:5      | 2922 ||| PLANNING OSSUARY
  2989 | D:5      | Noticed a water moccasin
  2989 | D:5      | Noticed an ice beast
  2999 | D:5      | Killed a water moccasin
  2999 | D:5      | HP: 1/37 [ice beast (14)]
  3000 | D:5      | Reached XP level 7. HP: 1/41 MP: 7/7
  3000 | D:5      | 3000 ||| DRINKING potion of heal wounds.
  3010 | D:5      | Reached skill level 8 in Shields
  3110 | D:5      | 3110 ||| DRINKING potion of curing.
  3110 | D:5      | 3110 ||| (to cure confusion)
  3220 | D:5      | Reached XP level 8. HP: 35/46 MP: 8/8
  3326 | D:5      | 3326 ||| Stepping ~*~*~tactically~*~*~ (hiding).
  3327 | D:5      | 3327 ||| Stepping ~*~*~tactically~*~*~ (hiding).
  3578 | D:5      | 3578 ||| RIP OSSUARY
  3579 | D:5      | 3579 ||| PLANNING D:1-11
  3582 | D:5      | Reached skill level 9 in Shields
  3866 | D:5      | 3866 ||| UPGRADING to +1 helmet.
  3897 | D:6      | Found a large runed translucent door.
  3897 | D:6      | Found a large runed translucent door.
  3909 | D:6      | Found a large runed translucent door.
  3909 | D:6      | Noticed a cyclops
  3910 | D:6      | Noticed a gargoyle
  3939 | D:6      | 3939 ||| Stepping ~*~*~tactically~*~*~ (stealth).
  3941 | D:6      | 3941 ||| Stepping ~*~*~tactically~*~*~ (hiding).
  3942 | D:6      | 3942 ||| Stepping ~*~*~tactically~*~*~ (hiding).
  3956 | D:6      | Reached skill level 6 in Axes
  4094 | D:6      | Identified the +5 plate armour "Quost" {rF++ rCorr Int-4}
  4327 | D:6      | Reached skill level 10 in Shields
  4327 | D:6      | Reached XP level 9. HP: 17/52 MP: 9/9
  4328 | D:6      | HP: 11/52 [kobold brigand/+0 whip of venom (6)]
  4329 | D:6      | 4329 ||| READING 2 scrolls of teleportation.
  4330 | D:6      | 4330 ||| DRINKING potion of heal wounds.
  4405 | D:6      | You fall into a shaft and drop 3 floors!
  4474 | D:9      | Found a staircase to the Lair.
  4707 | D:9      | Noticed Joseph
  4708 | D:9      | 4708 ||| Stepping ~*~*~tactically~*~*~ (hiding).
  4724 | D:9      | Killed Joseph
  4847 | D:9      | 4847 ||| Stepping ~*~*~tactically~*~*~ (stealth).
  4859 | D:9      | HP: 11/54 [yak (9)]
  4860 | D:9      | 4860 ||| READING scroll of teleportation.
  4861 | D:9      | Slain by a yak

Levels and vault maps discovered:
D:1:      wander_arrival_peaceful_grave, layout_rooms,
          ebering_dispersal_statue_hall
D:2:      layout_basic, minmay_tripent
D:3:      layout_loops_cross, serial_shops,
          nicolae_shop_temple_entry_statues_fountains
D:4:      layout_basic, grunt_qazlal_clouds, mainiacjoe_overflow_catwalk_spiral,
          serial_curves, eino_curves_04, eino_curves_03, uniq_duvessa
D:5:      layout_gridville, enter_ossuary_2
D:6:      layout_basic, minmay_hollow_rounded_squares, uniq_grinder
D:9:      layout_basic, lair_entry_dummy, gammafunk_ghost_icy, uniq_joseph

Skill      XL: |  1  2  3  4  5  6  7  8  9 |
---------------+----------------------------+-----
Axes           | 2 3 4 5 6 7 |  7.6
Shields        | 4 6 7 8 10 | 10.3
Fighting       | 4 5 |  5.0
Armour         | 4 |  4.0
Dodging        | 2 |  2.0

Action                     |  1- 3 |  4- 6 |  7- 9 || total
---------------------------+-------+-------+-------++-------
  Melee: War axe           |    94 |       |       ||    94
         Broad axe         |       |   125 |   297 ||   422
    Use: Scroll            |     7 |     6 |     2 ||    15
         Potion            |     1 |     4 |     3 ||     8
 Armour: Scale mail        |    10 |       |       ||    10
         Plate armour      |    38 |    86 |   198 ||   322
  Dodge: Dodged            |    14 |    25 |    47 ||    86
  Block: Buckler           |     5 |       |       ||     5
         Kite shield       |    24 |    18 |       ||    42
         Tower shield      |       |    88 |   263 ||   351

Table legend:
 A = Non-vault XP
 B = Vault XP
 C = Vault XP percentage of total XP
 D = Non-vault monster count
 E = Vault monster count
 F = Vault count percentage of total count
                 A         B        C        D         E       F
            +---------+---------+-------+---------+---------+-------
      Total |    3038 |     865 |  22.2 |      94 |      10 |   9.6
            +---------+---------+-------+---------+---------+-------
        D:1 |      28 |       0 |   0.0 |      17 |       0 |   0.0
        D:2 |      15 |       4 |  21.1 |       9 |       2 |  18.2
        D:3 |      37 |       0 |   0.0 |       9 |       0 |   0.0
        D:4 |     269 |     214 |  44.3 |      17 |       2 |  10.5
        D:5 |    1235 |       0 |   0.0 |      19 |       0 |   0.0
        D:6 |     398 |     217 |  35.3 |      18 |       5 |  21.7
        D:9 |    1056 |     430 |  28.9 |       5 |       1 |  16.7
            +---------+---------+-------+---------+---------+-------
